 Dungeon Crawl Stone Soup version 0.30.0 (webtiles) character file.

Game seed: 2517089703486740242

1827 Tablelion the Thaumaturge (level 8, -2/43 HPs)
             Began as a Deep Elf Conjurer on July 23, 2023.
             Was a Follower of Sif Muna.
             Engulfed by a steam dragon's steam (5 damage)
             ... on level 6 of the Dungeon.
             The game lasted 00:23:47 (6022 turns).

Tablelion the Thaumaturge (Deep Elf Conjurer)       Turns: 6022, Time: 00:23:48

Health: -2/43      AC:  3    Str:  4    XL:     8   Next: 86%
Magic:  12/23      EV: 13    Int: 30    God:    Sif Muna [*.....]
Gold:   442        SH:  0    Dex: 15    Spells: 23/26 levels left

rFire   . . .        F - +2 dagger (vamp)
rCold   . . .        (no shield)
rNeg    . . .        a - +0 robe
rPois   .            (no helmet)
rElec   .            r - +0 cloak
rCorr   .            (no gloves)
SInv    .            (no boots)
Will    .....        (no amulet)
Stlth   +++          q - +6 ring of intelligence
HPRegen 0.27/turn    D - ring of wizardry
MPRegen 0.18/turn

%: wizardry (x1)
@: no status effects
A: no striking features
a: Renounce Religion, Channel Magic


You were on level 6 of the Dungeon.
You worshipped Sif Muna.
Sif Muna was aware of your devotion.
You visited 2 branches of the dungeon, and saw 7 of its levels.

You collected 442 gold pieces.

Inventory:

Hand Weapons
 i - a +2 hand axe of holy wrath
 j - a +1 dagger of venom
 t - a +3 quarterstaff of chaos
 F - a +2 vampiric dagger (weapon)
Armour
 a - a +0 robe (worn)
 r - a +0 cloak (worn)
Jewellery
 q - a +6 ring of intelligence (left hand)
 B - a ring of positive energy
 D - a ring of wizardry (right hand)
 H - an amulet of regeneration
 J - a +6 ring of dexterity
Wands
 u - a wand of mindburst (12)
 y - a wand of digging (2)
 E - a wand of flame (14)
Scrolls
 e - 3 scrolls of teleportation
 g - a scroll of poison
 h - a scroll of fear
 k - 2 scrolls of vulnerability
 l - a scroll of amnesia {unknown}
 m - a scroll of enchant armour {unknown}
 o - a scroll of fog
 w - a scroll of enchant weapon {unknown}
 z - a scroll of immolation
 K - a scroll of noise {unknown}
Potions
 b - 2 potions of magic
 c - 2 potions of lignification
 d - a potion of cancellation {unknown}
 n - 2 potions of curing
 p - a potion of berserk rage {unknown}
 s - 4 potions of haste
 v - 3 potions of mutation
 x - 2 potions of brilliance
 A - a potion of attraction {unknown}
 C - a potion of might {unknown}
 G - a potion of resistance {unknown}
 I - a potion of degeneration {unknown}


   Skills:
 + Level 1.5 Fighting
 + Level 4.1 Dodging
 + Level 5.1 Stealth
 + Level 0.3 Unarmed Combat
 + Level 9.7 Spellcasting
 + Level 9.3 Conjurations


You had 23 spell levels left.
You knew the following spells:

 Your Spells              Type           Power      Damage    Failure   Level
a - Magic Dart            Conj           100%       1d8       1%          1
b - Searing Ray           Conj           100%       2d8       1%          2

Your spell library contained the following spells:

 Spells                   Type           Power      Damage    Failure   Level
 Summon Small Mammal      Summ           56%        N/A       1%          1
 Dazzling Flash           Conj/Hex       84%        N/A       1%          3
 Sublimation of Blood     Necr           14%        N/A       2%          2
 Fulminant Prism          Conj/Hex       21%        3d12      2%          4
 Iskenderun's Mystic Bla  Conj/Tloc      42%        2d10      2%          4
 Call Canine Familiar     Summ           14%        N/A       4%          3
 Summon Guardian Golem    Hex/Summ       14%        N/A       4%          3
 Tukima's Dance           Hex            14%        N/A       4%          3
 Irradiate                Conj/Tmut      21%        3d18      6%          5
 Passage of Golubria      Tloc           14%        N/A       14%         4
 Petrify                  Tmut/Erth      14%        N/A       14%         4
 Yara's Violent Unravell  Hex/Tmut       7%         3d5       36%         5


Dungeon Overview and Level Annotations

Branches:
Dungeon (6/15)             Temple (1/1) D:5

Altars:
Ashenzari
Cheibriados
Dithmenos
Elyvilon
Fedhas
Gozag
Kikubaaqudgha
Makhleb
Nemelex Xobeh
Okawaru
Qazlal
Ru
Sif Muna
Trog
Uskayaw
Vehumet
Wu Jian
Yredelemnul
Zin
The Shining One

Shops:
D:6 :


Message History

Ouch! That really hurt!
Casting: Searing Ray (safe; 1% risk of failure)
Confirm with . or Enter, or press ? or * to list all spells.
Aiming: Searing Ray (safe; 1% risk of failure)
Press: ? - help, Shift-Dir - straight line, f/p - steam dragon
Aim: a steam dragon (steam, moderately wounded, 83% to hit)
The searing ray hits the steam dragon.
The steam dragon is heavily wounded. (Press . to maintain the ray.)
The withered plant is engulfed in a cloud of scalding steam.
The searing ray hits the steam dragon!
The steam dragon is severely wounded.
The withered plant is engulfed in a cloud of scalding steam.
The steam dragon closely misses you. The steam dragon claws you.
* * * LOW HITPOINT WARNING * * *
You feel better. The steam dragon breathes steam at you.
The ball of steam hits you!
* * * LOW HITPOINT WARNING * * *
You feel much better.
You are engulfed in a cloud of scalding steam.
The withered plant crumbles away.
The steam dragon breathes steam at you. The ball of steam hits you!
* * * LOW HITPOINT WARNING * * *
You feel much better.
You are engulfed in a cloud of scalding steam.
The steam dragon breathes steam at you. The ball of steam hits you!
* * * LOW HITPOINT WARNING * * *
Casting: Searing Ray (safe; 1% risk of failure)
Confirm with . or Enter, or press ? or * to list all spells.
Aiming: Searing Ray (safe; 1% risk of failure)
Press: ? - help, Shift-Dir - straight line, f/p - steam dragon
Aim: a steam dragon (severely wounded, catching its breath, 83% to hit)
The searing ray hits the steam dragon.
The steam dragon is severely wounded. (Press . to maintain the ray.)
You are engulfed in a cloud of scalding steam.
You die...

## #.# #.# # #.# #.# .#
# #.# #.# .# # #.# #.#
##.### # #.# #.# #8.8.##
# #.# #.# #...8.##
####.## #.######§§....#.
.<....###...§§§§§§§.....
####.........§.§@D......
# ##.###########§...###
# #.# .#.## # #.# .# #
####[.. .# ....... .#
........ .# #.###.## ##
##.#


You could see a steam dragon (catching breath).

Vanquished Creatures
  The ghost of BigFatTexta the Covered, an amateur GrFi of Okawaru (D:5)
  Eustachio (D:5)
  Menkaure (D:5)
  An ice beast (D:5)
  A black bear (D:4)
  4 ogres
  2 phantoms
  Blork the orc (D:5)
  2 scorpions
  A water moccasin zombie (D:6)
  2 centaur zombies (D:6)
  A bullfrog skeleton (D:6)
  A hound (D:6)
  A gnoll bouda (D:6)
  Crazy Yiuf (D:2)
  2 iguanas
  Ijyb (D:3)
  Terence (D:3)
  3 orc wizards (D:5)
  3 gnolls (D:6)
  6 adders
  A shadow imp (D:5)
  An ufetubus (D:5)
  A worm (D:5)
  4 dart slugs
  3 orcs
  4 bats
  7 endoplasms
  A giant cockroach (D:3)
  5 hobgoblins
  6 jackals
  5 kobolds
  4 quokkas
  5 ball pythons
  3 frilled lizards (D:1)
  4 goblins
  5 rats
96 creatures vanquished.

Vanquished Creatures (others)
  A withered plant (D:6)
1 creature vanquished.

Grand Total: 97 creatures vanquished

Notes
Turn   | Place    | Note
-------+----------+-------------------------------------------
     0 | D:1      | Tablelion the Deep Elf Conjurer began the quest for the
                  | Orb.
     0 | D:1      | Reached XP level 1. HP: 10/10 MP: 6/6
   292 | D:1      | Reached XP level 2. HP: 15/15 MP: 1/8
   406 | D:1      | Reached skill level 5 in Conjurations
   696 | D:1      | Learned a level 2 spell: Searing Ray
   826 | D:1      | Reached XP level 3. HP: 19/19 MP: 6/9
  1384 | D:2      | Reached XP level 4. HP: 24/24 MP: 5/11
  1612 | D:2      | Found an ornate altar of the Wu Jian Council.
  1951 | D:2      | Found a runed translucent door.
  1952 | D:2      | Noticed Crazy Yiuf
  1959 | D:2      | Killed Crazy Yiuf
  2044 | D:3      | Noticed Ijyb
  2057 | D:3      | Killed Ijyb
  2375 | D:3      | Reached XP level 5. HP: 28/28 MP: 10/13
  2430 | D:3      | Noticed Terence
  2441 | D:3      | Killed Terence
  2603 | D:3      | Found a faded altar of an unknown god.
  3037 | D:4      | Noticed an ogre
  3218 | D:4      | Killed an ogre
  3219 | D:4      | Reached skill level 5 in Spellcasting
  3219 | D:4      | Reached XP level 6. HP: 33/33 MP: 9/15
  3379 | D:4      | Reached XP level 7. HP: 37/37 MP: 11/18
  3869 | D:5      | Entered Level 5 of the Dungeon
  4073 | D:5      | Noticed Eustachio
  4088 | D:5      | Killed Eustachio
  4089 | D:5      | Reached skill level 1 in Fighting
  4175 | D:5      | Found a staircase to the Ecumenical Temple.
  4185 | Temple   | Entered the Ecumenical Temple
  4559 | Temple   | Became a worshipper of Sif Muna the Loreminder
  4674 | D:5      | Found a runed translucent gate.
  4676 | D:5      | Found a runed translucent gate.
  4676 | D:5      | Noticed Blork the orc
  4678 | D:5      | Noticed Menkaure
  4681 | D:5      | Killed Blork the orc
  4681 | D:5      | Noticed BigFatTexta's ghost (amateur GrFi)
  4691 | D:5      | Killed Menkaure
  4767 | D:5      | Reached XP level 8. HP: 41/43 MP: 8/21
  4860 | D:5      | Found a runed translucent gate.
  5378 | D:5      | HP: 1/43 [BigFatTexta's ghost (14)]
  5381 | D:5      | Killed BigFatTexta's ghost
  5641 | D:6      | Reached * piety under Sif Muna
  5685 | D:6      | Found Liaqazea's Tremendous Tomes.
  5756 | D:6      | Reached skill level 5 in Stealth
  6019 | D:6      | HP: 1/43 [steam dragon/ball of steam (16)]
  6022 | D:6      | Engulfed by a steam dragon's steam

Illustrated notes

Levels and vault maps discovered:
D:1:      minmay_arrival_widening_spiral_narrow, layout_rooms
D:2:      layout_basic, basic_altar, uniq_crazy_yiuf_cottage
D:3:      layout_loops_ring, nicolae_ecumenical_snake_handling, uniq_terence,
          uniq_ijyb
D:4:      layout_cave_pools, corexii_item_surrounded_by_moat
D:5:      layout_loops_ring, minmay_temple_entry_sparse_star,
          gammafunk_ghost_split, minmay_misc_feat_cross, uniq_eustachio,
          uniq_menkaure, uniq_blork_the_orc
D:6:      layout_loops_ring, serial_undead, serial_undead_a, serial_undead_c,
          serial_undead_f, serial_undead_a, nicolae_shop_i_like_big_books
Temple:   mainiacjoe_temple_cubbyholes

Skill      XL: |  1  2  3  4  5  6  7  8 |
---------------+-------------------------+-----
Conjurations   | 5 6 7 8 9 |  9.3
Stealth        | 3 4 5 |  5.1
Spellcasting   | 4 5 6 7 9 |  9.7
Dodging        | 3 4 |  4.1
Fighting       | 1 |  1.5
Unarmed Combat | |  0.3

Action                     |  1- 3 |  4- 6 |  7- 9 || total
---------------------------+-------+-------+-------++-------
  Melee: Unarmed           |    13 |       |       ||    13
         Dagger            |     1 |     7 |       ||     8
   Cast: Magic Dart        |    55 |    60 |    52 ||   167
         Searing Ray       |       |    11 |    28 ||    39
    Use: Scroll            |     3 |     2 |     5 ||    10
         Potion            |       |       |     9 ||     9
 Armour: Robe              |     3 |     1 |     8 ||    12
  Dodge: Dodged            |    11 |    10 |    26 ||    47
